 Dungeon Crawl Stone Soup version 0.22-a0-565-gfc6459a (webtiles) character file.

1600 Hebeh the Cleaver (level 8, 0/71 HPs)
             Began as a Minotaur Fighter on June 28, 2018.
             Was an Initiate of Trog.
             Succumbed to a killer bee's poison
             ... on level 7 of the Dungeon.
             The game lasted 00:17:53 (6275 turns).

Hebeh the Cleaver (Minotaur Fighter)                Turns: 6275, Time: 00:17:54

Health: 0/71       AC:  7    Str: 24    XL:     8   Next: 62%
Magic:  7/7        EV:  8    Int:  5    God:    Trog [......]
Gold:   363        SH: 11    Dex:  9    Spells: 7/7 levels left

rFire    . . .     SeeInvis .   a - +1 war axe
rCold    . . .     Gourm    .   c - +1 shield
rNeg     + . .     Faith    .   b - +0 scale mail
rPois    .         Spirit   .   (helmet restricted)
rElec    .         Reflect  .   (no cloak)
rCorr    .         Harm     .   (no gloves)
MR       .....                  (no boots)
Stlth    ..........             (no amulet)
HPRegen  0.21/turn              h - ring of positive energy
MPRegen  0.10/turn              t - ring of flight

@: lethally poisoned (0 -> -12), about to teleport
A: retaliatory headbutt, horns 2
a: Renounce Religion, Evoke Flight


You were on level 7 of the Dungeon.
You worshipped Trog.
Trog was noncommittal.
You were not hungry.

You visited 2 branches of the dungeon, and saw 8 of its levels.
You also visited: Ossuary.

You collected 363 gold pieces.

Inventory:

Hand Weapons
 a - a +1 war axe (weapon)
 z - a +1 flail of crushing
Armour
 b - a +0 scale mail (worn)
 c - a +1 shield (worn)
Jewellery
 h - a ring of positive energy (left hand)
 t - a ring of flight (right hand)
Wands
 u - a wand of iceblast (7)
 y - a wand of random effects (26)
Scrolls
 j - 4 scrolls of teleportation
 m - 9 scrolls of remove curse
 o - 2 scrolls of fear
 w - a scroll of enchant armour
 x - a scroll of identify
Potions
 d - 4 potions of might
 e - 3 potions of haste {unknown}
 g - 2 potions of ambrosia
 i - 3 potions of heal wounds
 k - 6 potions of brilliance {unknown}
 l - 2 potions of flight {unknown}
 n - 2 potions of cancellation {unknown}
 p - a potion of magic {unknown}
 q - 2 potions of degeneration {unknown}
 r - 3 potions of mutation {unknown}
 s - 2 potions of lignification {unknown}
 v - 6 potions of curing {unknown}
 A - 2 potions of agility {unknown}
Comestibles
 f - 11 rations


   Skills:
 + Level 6.8 Fighting
 * Level 8.6 Axes
 + Level 6.9 Armour
 + Level 6.8 Shields
 + Level 0.3 Evocations


You had 7 spell levels left.
You didn't know any spells.
Your spell library was empty.

Dungeon Overview and Level Annotations

Branches:
Dungeon (7/15)             Temple (1/1) D:6

Altars:
Ashenzari
Cheibriados
Dithmenos
Elyvilon
Fedhas
Gozag
Hepliaklqana
Kikubaaqudgha
Makhleb
Nemelex Xobeh
Qazlal
Ru
Sif Muna
Trog
Uskayaw
Wu Jian
Xom
Yredelemnul
Zin
The Shining One

Annotations:
D:6 , 2 transporters, Amnesiac's ghost, novice SpWn


Innate Abilities, Weirdness & Mutations

You reflexively headbutt those who attack you in melee.
You have a pair of horns on your head.


Message History

You hit the killer bee. Your headbutt misses the killer bee.
The killer bee is lightly wounded.
You closely miss the killer bee.
Your shield prevents you from hitting the killer bee.
You closely miss the killer bee.
* * * LOW HITPOINT WARNING * * *
You feel sick. The killer bee misses you. You block the killer bee's attack. x2
The killer bee stings you but does no damage.
The killer bee barely misses you. You furiously retaliate!
You headbutt the killer bee. You block the killer bee's attack.
The killer bee barely misses you. The killer bee stings you.
* * * LOW HITPOINT WARNING * * *
The killer bee stings you.
* * * LOW HITPOINT WARNING * * *
The killer bee stings you but does no damage.
Unknown command.
Unknown command.
As you read the scroll of teleportation, it crumbles to dust.
You feel strangely unstable.
You die...

#+ #..##.............
#.##..##.........#.#
..#..##.##+#......# #
........#.#......#
##.##..##.##.#<#....#
...$...##.##.###....###
#...................
##..##.##.###....####
#!..y@y.#.###....#
###.#yy##.#<#.?..#
#.#y....#.#....#
#.##....#.####+#
#.##.##.#.# #.##.##.#.#
..# .# #.# ### .# #.#
.. #..


You could see 5 killer bees.

Vanquished Creatures
  A hippogriff (D:6)
  A human (D:6)
  An ogre (D:5)
  2 centaurs (D:5)
  A big kobold (D:4)
  A scorpion (D:6)
  A killer bee (D:7)
  A howler monkey (D:6)
  A crimson imp (D:7)
  3 hounds
  6 orc wizards
  An orc priest (D:5)
  An iguana (D:4)
  A centaur skeleton (D:4)
  Natasha (thrice) (D:2)
  Terence (D:2)
  3 worker ants
  A killer bee zombie (D:6)
  3 mummies (Ossuary)
  A howler monkey skeleton (D:5)
  9 adders
  A shadow imp (D:5)
  An ooze (D:1)
  An adder zombie (Ossuary)
  3 worms
  2 dart slugs
  6 leopard geckos
  14 orcs
  2 ball pythons
  3 giant cockroaches
  6 goblins
  11 hobgoblins
  6 jackals
  2 quokkas
  6 bats
  6 frilled lizards
  6 goblin zombies (Ossuary)
  2 hobgoblin zombies (Ossuary)
  2 jackal zombies
  8 kobolds
  A kobold skeleton (D:6)
  2 kobold zombies (Ossuary)
  4 quokka zombies (Ossuary)
  8 rats
  3 rat zombies (Ossuary)
  2 bushes (D:4)
  7 plants (D:4)
158 creatures vanquished.

Notes
Turn   | Place    | Note
-------+----------+-------------------------------------------
     0 | D:1      | Hebeh the Minotaur Fighter began the quest for the Orb.
     0 | D:1      | Reached XP level 1. HP: 19/19 MP: 0/0
    33 | D:1      | Reached XP level 2. HP: 27/27 MP: 1/1
   209 | D:1      | Reached skill level 3 in Axes
   943 | D:2      | Reached XP level 3. HP: 29/33 MP: 2/2
  1177 | D:2      | Noticed Terence
  1194 | D:2      | Killed Terence
  1194 | D:2      | Reached XP level 4. HP: 22/40 MP: 3/3
  1481 | D:2      | Reached skill level 4 in Axes
  1553 | D:2      | Noticed Natasha
  1558 | D:2      | Killed Natasha
  1611 | D:2      | Noticed Natasha
  1617 | D:2      | Killed Natasha
  1617 | D:2      | Reached XP level 5. HP: 45/47 MP: 4/4
  1714 | D:2      | Noticed Natasha
  1724 | D:2      | Killed Natasha
  1770 | D:2      | Found a shimmering altar of Xom.
  1771 | D:2      | Found a hazy altar of Hepliaklqana.
  1771 | D:2      | Noticed a yak
  1772 | D:2      | Noticed a yak
  1772 | D:2      | Noticed a spectral ugly thing
  1910 | D:3      | Reached skill level 5 in Axes
  2230 | D:3      | Reached XP level 6. HP: 55/55 MP: 5/5
  2640 | D:4      | Reached skill level 5 in Armour
  2642 | D:4      | Reached skill level 5 in Fighting
  2642 | D:4      | Reached skill level 5 in Shields
  2987 | D:4      | Found a stormy altar of Qazlal.
  3328 | D:4      | Reached skill level 6 in Axes
  3879 | D:5      | Entered Level 5 of the Dungeon
  3889 | D:5      | Reached XP level 7. HP: 55/61 MP: 6/6
  4360 | D:5      | Found an opulent altar of Gozag.
  4445 | D:5      | Reached skill level 7 in Axes
  4636 | D:5      | Found a sacrificial altar of Ru.
  4909 | D:5      | Found an ornate altar of the Wu Jian Council.
  5023 | D:6      | Reached XP level 8. HP: 68/70 MP: 7/7
  5286 | D:6      | Found a runed door.
  5290 | D:6      | Found a basalt altar of Yredelemnul.
  5365 | D:6      | Found a transporter.
  5392 | D:6      | Found a transporter.
  5394 | D:6      | Noticed Amnesiac's ghost (novice SpWn)
  5528 | D:6      | Found a sand-covered staircase.
  5534 | Ossuary  | Entered an ossuary
  5691 | D:6      | Noticed a hippogriff
  5696 | D:6      | Killed a hippogriff
  5696 | D:6      | Reached skill level 8 in Axes
  5864 | D:6      | Found a staircase to the Ecumenical Temple.
  6034 | Temple   | Entered the Ecumenical Temple
  6088 | Temple   | Became a worshipper of Trog the Wrathful
  6274 | D:7      | HP: 1/71 [killer bee (4)]
  6275 | D:7      | Succumbed to a killer bee's poison

Vault maps used:
D:1:      dpeg_arrival_stonehenge_8_columns, kennysheep_crisscross
D:2:      regret_index_temple_of_mockery, serial_forest,
          infiniplex_forest_lined_room_, infiniplex_forest_clump_long,
          infiniplex_forest_lined_room_, infiniplex_forest_end_2,
          infiniplex_forest_end_1, infiniplex_forest_lined_4_way,
          infiniplex_forest_lined_3, infiniplex_forest_straight_3,
          infiniplex_forest_lined_4_way, infiniplex_forest_corner_1,
          uniq_terence, uniq_natasha
D:4:      lemuel_crystal_altar, first_ration, grunt_ministairs_13,
          lexackson_kobold_supper
D:5:      lemuel_crystal_altar, nicolae_overflow_crystal_walls,
          kennysheep_mini_moat
D:6:      minmay_temple_entry_poolview, enter_ossuary_2,
          gammafunk_ghost_mausoleum, dk_yredelemnul_ordeal
Temple:   zaba_magenta_temple
Ossuary:  ossuary_minmay_chase

Skill      XL: |  1  2  3  4  5  6  7  8 |
---------------+-------------------------+-----
Axes           | 3 4 5 6 7 8 |  8.6
Fighting       | 4 5 6 |  6.8
Armour         | 4 5 6 |  6.9
Shields        | 4 5 6 |  6.8
Evocations     | |  0.3

Action                   |  1- 3 |  4- 6 |  7- 9 || total
-------------------------+-------+-------+-------++-------
Melee: War axe           |    68 |   245 |   158 ||   471
       Headbutt          |     5 |    59 |    13 ||    77
  Use: Scroll            |     7 |     3 |     5 ||    15
  Eat: Chunk             |     1 |     9 |     4 ||    14
       Ration            |       |       |     1 ||     1
Armor: Scale mail        |    20 |    81 |    58 ||   159
Dodge: Dodged            |    17 |    50 |    58 ||   125
Block: Shield            |    32 |   101 |   110 ||   243

Table legend:
 A = Spawn XP
 B = Non-spawn XP
 C = Spawn XP percentage of total XP
 D = Spawn monster count
 E = Non-spawn monster count
 F = Spawn count percentage of total count
 G = Total turns spent on level
                    A         B        C        D         E        F      G
               +---------+---------+-------+---------+---------+-------+---------
         Total |       0 |    2287 |   0.0 |       0 |     149 |   0.0 |  6275
               +---------+---------+-------+---------+---------+-------+---------
           D:1 |       0 |      34 |   0.0 |       0 |      16 |   0.0 |   934
           D:2 |       0 |     225 |   0.0 |       0 |      26 |   0.0 |   935
           D:3 |       0 |     144 |   0.0 |       0 |      24 |   0.0 |   674
           D:4 |       0 |     324 |   0.0 |       0 |      19 |   0.0 |  1336
           D:5 |       0 |     694 |   0.0 |       0 |      29 |   0.0 |  1134
           D:6 |       0 |     678 |   0.0 |       0 |      12 |   0.0 |  1021
           D:7 |       0 |     113 |   0.0 |       0 |       2 |   0.0 |    31
       Ossuary |       0 |      75 |   0.0 |       0 |      21 |   0.0 |   137
               +---------+---------+-------+---------+---------+-------+---------
